 Dungeon Crawl Stone Soup version 0.23.2-30-g0e89c35649 (webtiles) character file.

Game seed: 14976137815351876294

119 diana the Slasher (level 4, -2/38 HPs)
             Began as a Minotaur Gladiator on June 13, 2019.
             Slain by an orc
             ... wielding a +0 flail
              (9 damage)
             ... on level 3 of the Dungeon.
             The game lasted 00:03:12 (2543 turns).

diana the Slasher (Minotaur Gladiator)              Turns: 2543, Time: 00:03:13

Health: -2/38      AC:  3    Str: 20    XL:     4   Next: 74%
Magic:  3/3        EV: 13    Int:  5    God:
Gold:   135        SH:  0    Dex: 11    Spells: 3/3 levels left

rFire    . . .     SeeInvis .   a - +0 long sword
rCold    . . .     Gourm    .   (no shield)
rNeg     . . .     Faith    .   b - +0 leather armour
rPois    .         Spirit   .   (helmet restricted)
rElec    .         Reflect  .   (no cloak)
rCorr    .         Harm     .   (no gloves)
MR       .....                  (no boots)
Stlth    +.........             (no amulet)
HPRegen  0.12/turn              (no ring)
MPRegen  0.08/turn              (no ring)

@: no status effects
A: retaliatory headbutt, horns 2
a: no special abilities


You were on level 3 of the Dungeon.
You were not hungry.

You visited 1 branch of the dungeon, and saw 3 of its levels.

You collected 135 gold pieces.

Inventory:

Hand Weapons
 a - a +0 long sword (weapon)
Missiles
 d - 3 throwing nets (quivered)
Armour
 b - a +0 leather armour (worn)
Jewellery
 h - a cursed -3 ring of evasion {unknown}
 k - an uncursed amulet of the gourmand {unknown}
 l - an uncursed amulet of the acrobat {unknown}
Scrolls
 e - a scroll of noise {unknown}
 g - 2 scrolls of remove curse {unknown}
 i - a scroll of enchant weapon {unknown}
 j - a scroll of fog {unknown}
 n - 2 scrolls of identify {unknown}
 q - a scroll of teleportation {unknown}
Potions
 c - a potion of brilliance {unknown}
 m - a potion of might {unknown}
 o - a potion of haste {unknown}
 p - a potion of curing {unknown}
Comestibles
 f - 3 rations
 r - 2 chunks of flesh


   Skills:
 + Level 3.3 Fighting
 * Level 5.1 Long Blades
 - Level 2.0 Throwing
 + Level 2.1 Armour
 + Level 4.0 Dodging


You had 3 spell levels left.
You didn't know any spells.
Your spell library was empty.

Dungeon Overview and Level Annotations

Branches:
Dungeon (3/15)

Altars:
Hepliaklqana


Innate Abilities, Weirdness & Mutations

You reflexively headbutt those who attack you in melee.
You have a pair of horns on your head.


Message History

The orc hits you with a +0 flail.
You completely miss the orc priest.
The orc priest hits you but does no damage.
The orc misses you.
The orc priest calls down the wrath of Beogh upon you.
Pain shoots through your body!
* * * LOW HITPOINT WARNING * * *
You slash the orc priest! Your headbutt misses the orc priest.
The orc priest is heavily wounded.
The orc closely misses you.
The orc priest hits you with a +0 dagger.
* * * LOW HITPOINT WARNING * * *
Unknown command.
You slash the orc priest!
You kill the orc priest!
Your Long Blades skill increases to level 5!
Your Armour skill increases to level 2!
Your Dodging skill increases to level 4!
The orc hits you with a +0 flail!
You die...

..#$#...##.##. #.8#8...........
#.........>..... #...............
#............... #.#.............
#.#............. #
#.#...)o..........#...## ##.
#†#..>.@...............#
....######o##....)>..............
#......#.SS###.....#.....#.......
#.###....### ####### #####.......
........S.#############..........
#.#....S#......##.......##.......
..#o###..#####.......#####.()....
...o####).#.....####....##.......
.)..Sl.S....##### ####.(.......#


You could see an orc.

Vanquished Creatures
  An orc priest (D:3)
  4 adders (D:2)
  3 worms (D:2)
  2 leopard geckos
  5 orcs
  A giant cockroach (D:2)
  5 goblins
  5 hobgoblins
  A quokka (D:2)
  A ball python (D:2)
  7 frilled lizards
  4 kobolds
  4 rats
43 creatures vanquished.

Notes
Turn   | Place    | Note
-------+----------+-------------------------------------------
     0 | D:1      | diana the Minotaur Gladiator began the quest for the Orb.
     0 | D:1      | Reached XP level 1. HP: 18/18 MP: 0/0
   547 | D:1      | Reached XP level 2. HP: 25/25 MP: 1/1
   794 | D:1      | Reached skill level 4 in Long Blades
   990 | D:2      | Reached skill level 1 in Armour
  1000 | D:2      | Found a hazy altar of Hepliaklqana.
  1372 | D:2      | Reached XP level 3. HP: 30/30 MP: 2/2
  2138 | D:2      | Reached XP level 4. HP: 29/38 MP: 3/3
  2543 | D:3      | Reached skill level 5 in Long Blades
  2543 | D:3      | Slain by an orc

Skill      XL: |  1  2  3  4 |
---------------+-------------+-----
Long Blades    | 4 5 |  5.1
Armour         | 1 2 |  2.1
Fighting       | 3 |  3.3
Dodging        | 4 |  4.0
Throwing       | |  2.0

Action                   |  1- 3 |  4- 6 || total
-------------------------+-------+-------++-------
Melee: Long sword        |    73 |    11 ||    84
       Headbutt          |    18 |     2 ||    20
  Eat: Chunk             |     3 |     2 ||     5
Armor: Leather armour    |    14 |     3 ||    17
Dodge: Dodged            |    42 |     8 ||    50
       Rpst.: Long sword |    11 |     3 ||    14
